Senators vs Icehogs
(R1)
Created - November 22, 2025 at 23:07
Goals
|
| Senators |
1 |
2 |
2 |
5 |
| Icehogs |
0 |
1 |
2 |
3 |
|
Shots
|
| Senators |
10 |
16 |
9 |
35 |
| Icehogs |
13 |
12 |
6 |
31 |
|
1st period
1. Senators , Marc Michaelis 11 (Kiefer Sherwood 11) at 8:50
Penalties :
Declan Chisholm (Roc) for Hooking (Minor) at 1:58
2nd period
2. Icehogs , Sergey Tolchinsky 4 (Nikita Scherbak 6) at 1:55
3. Senators , Marc Michaelis 12 (Kiefer Sherwood 12, Bryce Kindopp 1) at 3:56
4. Senators , Vitaly Abramov 5 (Marc Michaelis 8, Antti Suomela 13) at 15:25
Penalties :
Calle Andersson (Roc) for Tripping (Minor) at 11:04
3rd period
5. Icehogs , Max Jones 1 (Calle Andersson 3) at 4:25 (SH)
6. Icehogs , Dillon Dube 3 (Nils Hoglander 1, Jeremy Davies 5) at 4:39 (SH)
7. Senators , Antti Suomela 9 (Corey Shueneman 6, Jonas Siegenthaler 7) at 5:19 (PP)
8. Senators , Kiefer Sherwood 4 (Marc Michaelis 9, Antti Suomela 14) at 10:26 (PP)
Penalties :
Sergey Tolchinsky (Roc) for Slashing (Minor) at 3:03, Dillon Dube (Roc) for Slashing (Minor) at 5:02, JJ. Piccinich (Roc) for High sticking (Minor) at 10:15, Bryce Kindopp (Bel) for Tripping (Minor) at 11:59, Nikita Scherbak (Roc) for Goalie Interference (Minor) at 16:32
Goalie Stats
David Rittich (Bel), 28 saves from 31 shots - (0.903), W, 3-1-0, 60:00 minutes
Mackenzie Blackwood (Roc), 30 saves from 35 shots - (0.857), L, 2-4-0, 60:00 minutes
Players Stats for Senators
Player Name G A P +/- PIM S H SB GA TA FO MP PP MP PK MP
------------------------------------------------------------------------------------
0 0 0 0 0 0 0 0 0 0 0/0 0:00 0:00 0:00
0 0 0 0 0 0 0 0 0 0 0/0 0:00 0:00 0:00
0 0 0 0 0 0 0 0 0 0 0/0 0:00 0:00 0:00
0 0 0 0 0 0 0 0 0 0 0/0 0:00 0:00 0:00
0 0 0 0 0 0 0 0 0 0 0/0 0:00 0:00 0:00
Akil Thomas 0 0 0 0 0 0 1 1 0 0 1/4 8:04 0:04 0:00
Alec Regula 0 0 0 0 0 1 1 1 0 0 0/0 10:23 0:00 0:00
Anton Karlsson 0 0 0 0 0 2 1 0 2 0 0/1 13:24 0:09 0:26
Antti Suomela 1 2 3 -1 0 5 0 0 0 1 16/40 21:50 5:00 1:09
Arttu Ruotsalainen 0 0 0 0 0 2 2 0 0 0 1/6 11:51 0:00 0:00
Bryce Kindopp 0 1 1 0 2 2 1 0 0 0 0/0 11:52 0:00 0:00
Carl Grundstrom 0 0 0 1 0 2 2 0 0 0 1/2 17:24 3:20 0:26
Chase De Leo 0 0 0 1 0 1 2 0 0 0 2/7 17:35 3:20 0:24
Corey Shueneman 0 1 1 1 0 1 2 1 0 1 0/0 25:02 5:37 1:10
Hugh McGing 0 0 0 0 0 3 3 1 0 0 0/0 7:33 0:00 0:00
Ian Moore 0 0 0 0 0 0 0 0 0 1 0/0 10:23 0:00 0:00
Jett Woo 0 0 0 1 0 0 0 0 0 0 0/0 5:45 0:00 0:00
Jonas Siegenthaler 0 1 1 1 0 2 2 2 1 0 0/0 25:02 5:37 1:10
Kiefer Sherwood 1 2 3 -1 0 2 0 1 0 1 1/3 20:26 5:00 0:00
Lucas Ramberg 0 0 0 1 0 0 1 0 0 0 0/0 5:45 0:00 0:00
Marc Michaelis 2 2 4 -1 0 6 1 0 0 0 1/1 21:51 5:00 1:09
Mason Geertsen 0 0 0 -2 0 0 0 2 0 0 0/0 18:50 2:47 0:49
Ozzy Wiesblatt 0 0 0 0 0 1 0 0 0 0 0/0 8:44 0:04 0:00
Scott Perunovich 0 0 0 -2 0 1 3 1 0 1 0/0 18:50 2:47 0:49
Vitaly Abramov 1 0 1 1 0 4 1 0 1 0 1/1 17:26 3:15 0:24
Players Stats for Icehogs
Player Name G A P +/- PIM S H SB GA TA FO MP PP MP PK MP
------------------------------------------------------------------------------------
0 0 0 0 0 0 0 0 0 0 0/0 0:00 0:00 0:00
0 0 0 0 0 0 0 0 0 0 0/0 0:00 0:00 0:00
0 0 0 0 0 0 0 0 0 0 0/0 0:00 0:00 0:00
0 0 0 0 0 0 0 0 0 0 0/0 0:00 0:00 0:00
0 0 0 0 0 0 0 0 0 0 0/0 0:00 0:00 0:00
Andrew Poturalski 0 0 0 -2 0 5 2 1 1 0 4/5 12:45 0:52 1:49
Calle Andersson 0 1 1 2 2 0 0 1 1 1 0/0 19:17 0:47 2:31
Clark Bishop 0 0 0 0 0 1 1 0 0 0 1/2 7:06 0:00 0:00
Connor Zary 0 0 0 1 0 2 0 2 0 0 4/6 16:46 0:00 1:00
Declan Chisholm 0 0 0 -1 2 0 0 1 0 0 0/0 12:23 0:00 1:05
Dillon Dube 1 0 1 1 2 4 1 1 0 0 26/44 22:10 1:07 4:51
Eamon Powell 0 0 0 -1 0 1 0 0 0 0 0/0 11:17 0:00 0:00
Egor Afanasyev 0 0 0 0 0 0 0 0 0 0 0/0 0:00 0:00 0:00
Gabriel Fortier 0 0 0 -2 0 3 0 0 0 0 1/1 10:33 0:00 0:00
Jaedon Descheneau 0 0 0 0 0 0 0 1 0 0 0/0 7:22 0:00 0:00
Jeremy Davies 0 1 1 0 0 3 3 0 1 2 0/0 25:38 1:12 4:48
JJ. Piccinich 0 0 0 0 2 1 2 0 0 0 0/0 16:29 0:52 0:00
Julius Honka 0 0 0 -1 0 2 0 1 0 0 0/0 28:47 1:12 4:48
Max Jones 1 0 1 1 0 2 0 1 0 0 0/0 9:30 0:00 1:47
Mitchell Chaffee 0 0 0 -2 0 1 1 0 0 0 0/0 10:04 0:00 0:00
Nikita Okhotyuk 0 0 0 -1 0 0 0 0 0 0 0/0 3:09 0:00 0:00
Nikita Scherbak 0 1 1 0 2 2 2 0 1 1 2/2 17:32 1:07 0:00
Nils Hoglander 0 1 1 1 0 0 1 0 0 0 2/4 20:02 0:52 3:54
Sergey Tolchinsky 1 0 1 0 2 4 1 0 0 0 1/1 20:44 1:07 3:26
Zach Whitecloud 0 0 0 2 0 0 1 3 1 0 0/0 19:56 0:47 3:36
3 Stars
1 - Marc Michaelis (Bel)
2 - Kiefer Sherwood (Bel)
3 - Antti Suomela (Bel)
Power Play
Senators - 2 on 6 Attempt(s) - 33.33%
Icehogs - 0 on 1 Attempt(s) - 0.00%
Penalty Kill
Senators - 1 on 1 Attempt(s) - 100.00%
- Score 0 goal in Penalty Kill
Icehogs - 4 on 6 Attempt(s) - 66.67%
- Score 2 goal in Penalty Kill
Team Stat
Senators - Hits : 23 - Faceoff Wins : 24 - Blocked Shots : 10 - Penalty Minutes : 2
Icehogs - Hits : 15 - Faceoff Wins : 41 - Blocked Shots : 12 - Penalty Minutes : 12
Official
Referees : Reid Anderson and Brian Pochmara
Linesman : Libor Suchanek and Kory Nagy
Game Notes
No Game Note
Finance
Level 1 -- Attendance: 1687 (84.35%) -- Ticket Income $118,090
Level 2 -- Attendance: 886 (88.60%) -- Ticket Income $35,440
Total Attendance: 2573 (85.77%)
Total Ticket Income: $153,530
Other Income: $7,676
Total Income: $161,206
Senators
5 vs 5 Forward
Center Left Wing Right Wing Time % Phy DF OF
1 Antti Suomela Marc Michaelis Kiefer Sherwood 40 0 2 3
2 Chase De Leo Vitaly Abramov Carl Grundstrom 30 1 2 2
3 Arttu Ruotsalainen Anton Karlsson Bryce Kindopp 20 1 2 2
4 Akil Thomas Hugh McGing Ozzy Wiesblatt 10 1 2 2
5 vs 5 Defense
Defense Defense Time % Phy DF OF
1 Corey Shueneman Jonas Siegenthaler 40 0 2 3
2 Mason Geertsen Scott Perunovich 30 1 2 2
3 Alec Regula Ian Moore 20 1 3 1
4 Jett Woo Lucas Ramberg 10 1 3 1
PowerPlay Forward
Center Left Wing Right Wing Time % Phy DF OF
1 Antti Suomela Marc Michaelis Kiefer Sherwood 60 0 1 4
2 Chase De Leo Vitaly Abramov Carl Grundstrom 40 0 1 4
PowerPlay Defense
Defense Defense Time % Phy DF OF
1 Corey Shueneman Jonas Siegenthaler 60 0 2 3
2 Mason Geertsen Scott Perunovich 40 0 2 3
Penalty Kill 4 Players Forward
Center Wing Time % Phy DF OF
1 Antti Suomela Marc Michaelis 60 1 2 2
2 Chase De Leo Vitaly Abramov 40 1 2 2
Penalty Kill 4 Players Defense
Defense Defense Time % Phy DF OF
1 Corey Shueneman Jonas Siegenthaler 60 1 2 2
2 Mason Geertsen Scott Perunovich 40 1 2 2
Penalty Kill - 3 Players Forward
Forward Time % Phy DF OF
1 Antti Suomela 60 1 2 2
2 Chase De Leo 40 1 2 2
Penalty Kill - 3 Players Defense
Defense Defense Time % Phy DF OF
1 Corey Shueneman Jonas Siegenthaler 60 1 2 2
2 Mason Geertsen Scott Perunovich 40 1 2 2
4 vs 4 Forward
Center Wing Time % Phy DF OF
1 Antti Suomela Marc Michaelis 60 1 2 2
2 Chase De Leo Vitaly Abramov 40 1 2 2
4 vs 4 Defense
Defense Defense Time % Phy DF OF
1 Corey Shueneman Jonas Siegenthaler 60 1 2 2
2 Mason Geertsen Scott Perunovich 40 1 2 2
Last Minutes Offensive
Center Left Wing Right Wing Defense Defense
Antti Suomela Marc Michaelis Kiefer Sherwood Corey Shueneman Jonas Siegenthaler
Last Minutes Defensive
Center Left Wing Right Wing Defense Defense
Antti Suomela Marc Michaelis Kiefer Sherwood Corey Shueneman Jonas Siegenthaler
Goaltenders
Starting : David Rittich
Backup : Justus Annunen
Extra Forwards
Normal : Carl Grundstrom, Vitaly Abramov, Anton Karlsson - PP : Carl Grundstrom, Vitaly Abramov - PK : Carl Grundstrom
Extra Defensemen
Normal : Ian Moore, Jett Woo, Lucas Ramberg - PP : Ian Moore - PK : Ian Moore, Jett Woo
Penalty Shots
Antti Suomela, Kiefer Sherwood, Anton Karlsson, Vitaly Abramov, Carl Grundstrom
Custom OT Lines Forwards
Antti Suomela, Kiefer Sherwood, Marc Michaelis, Chase De Leo, Carl Grundstrom, Vitaly Abramov, Anton Karlsson, Hugh McGing, Arttu Ruotsalainen, Bryce Kindopp
Custom OT Lines Defensemen
Corey Shueneman, Jonas Siegenthaler, Mason Geertsen, Scott Perunovich, Alec Regula
Scratches
Jaromir Pytlik (Healthy), Colby Ambrosio (Healthy), Ivan Morozov (Healthy), Noel Gunler (Healthy), Jack Finley (Healthy)
Cliff Pu (Healthy), Jonatan Berggren (Healthy), Joel Teasdale (Healthy), Tyler Angle (Healthy), Adam Mascherin (Healthy)
Vsevolod Skotnikov (Healthy), Olivier Rodrigue (Healthy)
Icehogs
5 vs 5 Forward
Center Left Wing Right Wing Time % Phy DF OF
1 Dillon Dube Sergey Tolchinsky Nikita Scherbak 40 1 2 2
2 Connor Zary Nils Hoglander JJ. Piccinich 30 1 2 2
3 Andrew Poturalski Gabriel Fortier Mitchell Chaffee 20 1 2 2
4 Clark Bishop Max Jones Jaedon Descheneau 10 1 2 2
5 vs 5 Defense
Defense Defense Time % Phy DF OF
1 Julius Honka Jeremy Davies 40 1 2 2
2 Calle Andersson Zach Whitecloud 30 1 2 2
3 Declan Chisholm Eamon Powell 20 1 2 2
4 Nikita Okhotyuk Julius Honka 10 1 2 2
PowerPlay Forward
Center Left Wing Right Wing Time % Phy DF OF
1 Dillon Dube Sergey Tolchinsky Nikita Scherbak 60 1 2 2
2 Andrew Poturalski Nils Hoglander JJ. Piccinich 40 1 2 2
PowerPlay Defense
Defense Defense Time % Phy DF OF
1 Julius Honka Jeremy Davies 60 1 2 2
2 Calle Andersson Zach Whitecloud 40 1 2 2
Penalty Kill 4 Players Forward
Center Wing Time % Phy DF OF
1 Dillon Dube Sergey Tolchinsky 60 1 2 2
2 Andrew Poturalski Nils Hoglander 40 1 2 2
Penalty Kill 4 Players Defense
Defense Defense Time % Phy DF OF
1 Julius Honka Jeremy Davies 60 1 2 2
2 Calle Andersson Zach Whitecloud 40 1 2 2
Penalty Kill - 3 Players Forward
Forward Time % Phy DF OF
1 Dillon Dube 60 1 2 2
2 Andrew Poturalski 40 1 2 2
Penalty Kill - 3 Players Defense
Defense Defense Time % Phy DF OF
1 Julius Honka Jeremy Davies 60 1 2 2
2 Calle Andersson Zach Whitecloud 40 1 2 2
4 vs 4 Forward
Center Wing Time % Phy DF OF
1 Dillon Dube Sergey Tolchinsky 60 1 2 2
2 Andrew Poturalski Nils Hoglander 40 1 2 2
4 vs 4 Defense
Defense Defense Time % Phy DF OF
1 Julius Honka Jeremy Davies 60 1 2 2
2 Calle Andersson Zach Whitecloud 40 1 2 2
Last Minutes Offensive
Center Left Wing Right Wing Defense Defense
Dillon Dube Sergey Tolchinsky Nikita Scherbak Julius Honka Jeremy Davies
Last Minutes Defensive
Center Left Wing Right Wing Defense Defense
Dillon Dube Sergey Tolchinsky Nikita Scherbak Julius Honka Jeremy Davies
Goaltenders
Starting : Mackenzie Blackwood
Backup : Oscar Dansk
Extra Forwards
Normal : Nils Hoglander, Gabriel Fortier, JJ. Piccinich - PP : Nils Hoglander, Gabriel Fortier - PK : Nils Hoglander
Extra Defensemen
Normal : Declan Chisholm, Eamon Powell, Nikita Okhotyuk - PP : Declan Chisholm - PK : Declan Chisholm, Eamon Powell
Penalty Shots
Sergey Tolchinsky, Dillon Dube, Nikita Scherbak, Andrew Poturalski, Nils Hoglander
Custom OT Lines Forwards
Sergey Tolchinsky, Dillon Dube, Nikita Scherbak, Andrew Poturalski, Nils Hoglander, Gabriel Fortier, JJ. Piccinich, Max Jones, Connor Zary, Clark Bishop
Custom OT Lines Defensemen
Julius Honka, Jeremy Davies, Calle Andersson, Zach Whitecloud, Declan Chisholm
Scratches
Kristian Reichel (Healthy), Jackson Cates (Healthy), Antoine Morand (Healthy), Jesper Vikman (Healthy), Petr Kvaca (Healthy)
% Time on Ice - Senators
Lines # - Real PCT - Wanted PCT - Time Play
Normal Forward
1 - 33% - 40% - 16:33
2 - 28% - 30% - 13:40
3 - 24% - 20% - 11:51
4 - 15% - 10% - 7:33
Normal Defense
1 - 37% - 40% - 18:15
2 - 31% - 30% - 15:14
3 - 21% - 20% - 10:23
4 - 12% - 10% - 5:45
PP Forward
1 - 60% - 60% - 5:04
2 - 40% - 40% - 3:20
PP Defense
1 - 67% - 60% - 5:37
2 - 33% - 40% - 2:47
PK Forward
1 - 80% - 60% - 1:35
2 - 20% - 40% - 0:24
PK Defense
1 - 59% - 60% - 1:10
2 - 41% - 40% - 0:49
PK3 Forward
1 - 0% - 60%
2 - 0% - 40%
PK3 Defense
1 - 0% - 60%
2 - 0% - 40%
44 Forward
1 - 0% - 60%
2 - 0% - 40%
44 Defense
1 - 0% - 60%
2 - 0% - 40%
Last Minute Offensive - 0:00
Last Minute Defensive - 0:00
Total
Forward - 60:00
Defense - 60:00
|
% Time on Ice - Icehogs
Lines # - Real PCT - Wanted PCT - Time Play
Normal Forward
1 - 35% - 40% - 17:11
2 - 31% - 30% - 15:16
3 - 20% - 20% - 10:04
4 - 14% - 10% - 7:06
Normal Defense
1 - 40% - 40% - 19:38
2 - 31% - 30% - 15:33
3 - 23% - 20% - 11:17
4 - 6% - 10% - 3:09
PP Forward
1 - 56% - 60% - 1:07
2 - 44% - 40% - 0:52
PP Defense
1 - 61% - 60% - 1:12
2 - 39% - 40% - 0:47
PK Forward
1 - 78% - 60% - 6:35
2 - 22% - 40% - 1:49
PK Defense
1 - 57% - 60% - 4:48
2 - 43% - 40% - 3:36
PK3 Forward
1 - 0% - 60%
2 - 0% - 40%
PK3 Defense
1 - 0% - 60%
2 - 0% - 40%
44 Forward
1 - 0% - 60%
2 - 0% - 40%
44 Defense
1 - 0% - 60%
2 - 0% - 40%
Last Minute Offensive - 0:00
Last Minute Defensive - 0:00
Total
Forward - 60:00
Defense - 60:00
|
Play-by-Play
1st period
0:01 of 1st period - Dillon Dube wins face-off versus Antti Suomela in neutral zone.
1:05 of 1st period - Zach Whitecloud is hit by Hugh McGing and loses puck.
1:15 of 1st period - Icing by Hugh McGing.
1:16 of 1st period - Akil Thomas wins face-off versus Dillon Dube in Senators zone.
1:58 of 1st period - Minor Penalty to Declan Chisholm for Hooking.
1:59 of 1st period - Antti Suomela wins face-off versus Dillon Dube in Icehogs zone.
2:30 of 1st period - Wrist shot by Chase De Leo.
2:30 of 1st period - Shot Blocked by Andrew Poturalski.
3:58 of 1st period - Penalty to Declan Chisholm is over, Declan Chisholm is back on ice.
4:05 of 1st period - Max Jones is hit by Scott Perunovich and loses puck.
4:24 of 1st period - Akil Thomas is hit by Mitchell Chaffee and loses puck.
4:49 of 1st period - Marc Michaelis is hit by Dillon Dube and loses puck.
5:13 of 1st period - Max Jones is hit by Akil Thomas and loses puck.
5:50 of 1st period - Scott Perunovich is hit by Sergey Tolchinsky and loses puck.
7:16 of 1st period - Off-side.
7:17 of 1st period - Dillon Dube wins face-off versus Akil Thomas in neutral zone.
7:32 of 1st period - Snap shot by Corey Shueneman.
7:32 of 1st period - Deflect By Julius Honka.
7:32 of 1st period - Stopped by Mackenzie Blackwood with a rebound.
7:47 of 1st period - Wrist shot by Antti Suomela.
7:47 of 1st period - Shot Misses the Net.
8:48 of 1st period - Snap shot by Marc Michaelis.
8:48 of 1st period - Stopped by Mackenzie Blackwood with a rebound.
8:50 of 1st period - Snap shot by Marc Michaelis.
8:50 of 1st period - Goal by Marc Michaelis - Senators : 1 - Icehogs : 0.
8:51 of 1st period - Antti Suomela wins face-off versus Dillon Dube in neutral zone.
8:58 of 1st period - Snap shot by Antti Suomela.
8:58 of 1st period - Shot Misses the Net.
9:00 of 1st period - Snap shot by Kiefer Sherwood.
9:00 of 1st period - Shot Blocked by Zach Whitecloud.
9:06 of 1st period - Snap shot by Marc Michaelis.
9:06 of 1st period - Shot Misses the Net.
9:21 of 1st period - Snap shot by Carl Grundstrom.
9:21 of 1st period - Shot Misses the Net.
9:25 of 1st period - Snap shot by Vitaly Abramov.
9:25 of 1st period - Shot Blocked by Connor Zary.
10:47 of 1st period - Snap shot by Vitaly Abramov.
10:47 of 1st period - Stopped by Mackenzie Blackwood with a rebound.
12:27 of 1st period - Snap shot by Dillon Dube.
12:27 of 1st period - Shot Misses the Net.
12:29 of 1st period - Wrist shot by Dillon Dube.
12:29 of 1st period - Stopped by David Rittich without a rebound.
12:30 of 1st period - Chase De Leo wins face-off versus Connor Zary in Senators zone.
12:30 of 1st period - Chase De Leo is hit by JJ. Piccinich.
13:42 of 1st period - Slapshot by Jeremy Davies.
13:42 of 1st period - Stopped by David Rittich without a rebound.
13:43 of 1st period - Nikita Scherbak wins face-off versus Akil Thomas in Senators zone.
13:56 of 1st period - Slapshot by Ozzy Wiesblatt.
13:56 of 1st period - Stopped by Mackenzie Blackwood with a rebound.
14:08 of 1st period - Scott Perunovich is hit by Andrew Poturalski and loses puck.
14:21 of 1st period - Gabriel Fortier is hit by Hugh McGing and loses puck.
14:42 of 1st period - Wrist shot by Antti Suomela.
14:42 of 1st period - Stopped by Mackenzie Blackwood without a rebound.
14:43 of 1st period - Antti Suomela wins face-off versus Dillon Dube in Icehogs zone.
15:08 of 1st period - JJ. Piccinich is hit by Vitaly Abramov and loses puck.
15:35 of 1st period - Snap shot by Andrew Poturalski.
15:35 of 1st period - Stopped by David Rittich without a rebound.
15:36 of 1st period - Andrew Poturalski wins face-off versus Arttu Ruotsalainen in Senators zone.
15:43 of 1st period - Snap shot by Gabriel Fortier.
15:43 of 1st period - Stopped by David Rittich with a rebound.
15:53 of 1st period - Snap shot by Arttu Ruotsalainen.
15:53 of 1st period - Stopped by Mackenzie Blackwood with a rebound.
16:21 of 1st period - Snap shot by Anton Karlsson.
16:21 of 1st period - Stopped by Mackenzie Blackwood without a rebound.
16:22 of 1st period - Sergey Tolchinsky wins face-off versus Kiefer Sherwood in Icehogs zone.
16:37 of 1st period - Wrist shot by Antti Suomela.
16:37 of 1st period - Stopped by Mackenzie Blackwood with a rebound.
16:49 of 1st period - JJ. Piccinich is hit by Alec Regula and loses puck.
17:13 of 1st period - Wrist shot by Max Jones.
17:13 of 1st period - Shot Blocked by Hugh McGing.
17:15 of 1st period - Snap shot by Eamon Powell.
17:15 of 1st period - Stopped by David Rittich without a rebound.
17:16 of 1st period - Dillon Dube wins face-off versus Antti Suomela in Senators zone.
17:21 of 1st period - Wrist shot by Nikita Scherbak.
17:21 of 1st period - Stopped by David Rittich with a rebound.
17:23 of 1st period - Snap shot by Sergey Tolchinsky.
17:23 of 1st period - Stopped by David Rittich with a rebound.
17:25 of 1st period - Slapshot by Nikita Scherbak.
17:25 of 1st period - Stopped by David Rittich with a rebound.
17:27 of 1st period - Slapshot by Sergey Tolchinsky.
17:27 of 1st period - Stopped by David Rittich with a rebound.
17:29 of 1st period - Slapshot by Julius Honka.
17:29 of 1st period - Stopped by David Rittich with a rebound.
17:31 of 1st period - Slapshot by Dillon Dube.
17:31 of 1st period - Stopped by David Rittich with a rebound.
17:41 of 1st period - Chase De Leo is hit by Jeremy Davies.
18:09 of 1st period - Wrist shot by Andrew Poturalski.
18:09 of 1st period - Shot Blocked by Mason Geertsen.
18:11 of 1st period - Snap shot by Andrew Poturalski.
18:11 of 1st period - Stopped by David Rittich without a rebound.
18:12 of 1st period - Dillon Dube wins face-off versus Antti Suomela in Senators zone.
18:49 of 1st period - Off-side.
18:50 of 1st period - Dillon Dube wins face-off versus Arttu Ruotsalainen in neutral zone.
19:03 of 1st period - Icing by Scott Perunovich.
19:04 of 1st period - Arttu Ruotsalainen wins face-off versus Dillon Dube in Senators zone.
19:24 of 1st period - Snap shot by Anton Karlsson.
19:24 of 1st period - Stopped by Mackenzie Blackwood without a rebound.
19:25 of 1st period - Antti Suomela wins face-off versus Nils Hoglander in Icehogs zone.
19:34 of 1st period - Wrist shot by Connor Zary.
19:34 of 1st period - Deflect By Marc Michaelis.
19:34 of 1st period - Stopped by David Rittich without a rebound.
19:35 of 1st period - Connor Zary wins face-off versus Kiefer Sherwood in Senators zone.
19:36 of 1st period - Snap shot by JJ. Piccinich.
19:36 of 1st period - Shot Blocked by Jonas Siegenthaler.
19:58 of 1st period - Wrist shot by Antti Suomela.
19:58 of 1st period - Deflect By Marc Michaelis.
19:58 of 1st period - Shot Blocked by Connor Zary.
19:58 of 1st period - Puck is out of play.
19:59 of 1st period - Dillon Dube wins face-off versus Chase De Leo in Icehogs zone.
19:59 of 1st period - Dillon Dube is hit by Chase De Leo.
Goals for this period are 1 for Senators vs 0 for Icehogs.
Shots for this period are 10 for Senators vs 13 for Icehogs.
2nd period
0:01 of 2nd period - Antti Suomela wins face-off versus Dillon Dube in neutral zone.
0:36 of 2nd period - Carl Grundstrom is hit by Jeremy Davies and loses puck.
0:47 of 2nd period - Wrist shot by Bryce Kindopp.
0:47 of 2nd period - Stopped by Mackenzie Blackwood with a rebound.
0:50 of 2nd period - Icing by Andrew Poturalski.
0:51 of 2nd period - Gabriel Fortier wins face-off versus Anton Karlsson in Icehogs zone.
1:04 of 2nd period - Snap shot by Andrew Poturalski.
1:04 of 2nd period - Shot Misses the Net.
1:06 of 2nd period - Wrist shot by Zach Whitecloud.
1:06 of 2nd period - Deflect By Andrew Poturalski.
1:06 of 2nd period - Shot Misses the Net.
1:06 of 2nd period - Puck is out of play.
1:07 of 2nd period - Nikita Scherbak wins face-off versus Antti Suomela in Senators zone.
1:08 of 2nd period - Snap shot by Sergey Tolchinsky.
1:08 of 2nd period - Stopped by David Rittich without a rebound.
1:09 of 2nd period - Dillon Dube wins face-off versus Antti Suomela in Senators zone.
1:47 of 2nd period - Off-side.
1:48 of 2nd period - Dillon Dube wins face-off versus Antti Suomela in neutral zone.
1:55 of 2nd period - Backhand shot by Sergey Tolchinsky.
1:55 of 2nd period - Goal by Sergey Tolchinsky - Senators : 1 - Icehogs : 1.
1:56 of 2nd period - Dillon Dube wins face-off versus Antti Suomela in neutral zone.
2:44 of 2nd period - Snap shot by Julius Honka.
2:44 of 2nd period - Stopped by David Rittich without a rebound.
2:45 of 2nd period - Antti Suomela wins face-off versus Clark Bishop in Senators zone.
3:56 of 2nd period - Snap shot by Marc Michaelis.
3:56 of 2nd period - Goal by Marc Michaelis - Senators : 2 - Icehogs : 1.
3:57 of 2nd period - Dillon Dube wins face-off versus Antti Suomela in neutral zone.
4:08 of 2nd period - Wrist shot by Marc Michaelis.
4:08 of 2nd period - Stopped by Mackenzie Blackwood without a rebound.
4:09 of 2nd period - Dillon Dube wins face-off versus Antti Suomela in Icehogs zone.
4:09 of 2nd period - Dillon Dube is hit by Scott Perunovich.
4:38 of 2nd period - Off-side.
4:39 of 2nd period - Connor Zary wins face-off versus Chase De Leo in neutral zone.
4:44 of 2nd period - Wrist shot by Connor Zary.
4:44 of 2nd period - Shot Misses the Net.
5:04 of 2nd period - Slapshot by Carl Grundstrom.
5:04 of 2nd period - Stopped by Mackenzie Blackwood with a rebound.
5:24 of 2nd period - Carl Grundstrom is hit by Clark Bishop and loses puck.
5:33 of 2nd period - Slapshot by Max Jones.
5:33 of 2nd period - Stopped by David Rittich with a rebound.
5:35 of 2nd period - Snap shot by Clark Bishop.
5:35 of 2nd period - Stopped by David Rittich without a rebound.
5:36 of 2nd period - Dillon Dube wins face-off versus Antti Suomela in Senators zone.
5:47 of 2nd period - Nikita Scherbak is hit by Jonas Siegenthaler and loses puck.
6:02 of 2nd period - Connor Zary is hit by Arttu Ruotsalainen and loses puck.
6:38 of 2nd period - Slapshot by Corey Shueneman.
6:38 of 2nd period - Shot Blocked by Jaedon Descheneau.
6:40 of 2nd period - Slapshot by Bryce Kindopp.
6:40 of 2nd period - Stopped by Mackenzie Blackwood with a rebound.
6:42 of 2nd period - Slapshot by Jonas Siegenthaler.
6:42 of 2nd period - Shot Blocked by Max Jones.
6:44 of 2nd period - Snap shot by Bryce Kindopp.
6:44 of 2nd period - Shot Blocked by Declan Chisholm.
6:46 of 2nd period - Wrist shot by Anton Karlsson.
6:46 of 2nd period - Shot Misses the Net.
6:48 of 2nd period - Slapshot by Jonas Siegenthaler.
6:48 of 2nd period - Stopped by Mackenzie Blackwood with a rebound.
6:50 of 2nd period - Slapshot by Jonas Siegenthaler.
6:50 of 2nd period - Stopped by Mackenzie Blackwood with a rebound.
6:52 of 2nd period - Wrist shot by Arttu Ruotsalainen.
6:52 of 2nd period - Stopped by Mackenzie Blackwood without a rebound.
6:53 of 2nd period - Antti Suomela wins face-off versus Dillon Dube in Icehogs zone.
7:29 of 2nd period - Wrist shot by Andrew Poturalski.
7:29 of 2nd period - Stopped by David Rittich without a rebound.
7:30 of 2nd period - Carl Grundstrom wins face-off versus Dillon Dube in Senators zone.
7:44 of 2nd period - Icing by Zach Whitecloud.
7:45 of 2nd period - Vitaly Abramov wins face-off versus Dillon Dube in Icehogs zone.
7:54 of 2nd period - Wrist shot by Vitaly Abramov.
7:54 of 2nd period - Stopped by Mackenzie Blackwood with a rebound.
8:27 of 2nd period - Jeremy Davies is hit by Corey Shueneman and loses puck.
8:30 of 2nd period - Wrist shot by JJ. Piccinich.
8:30 of 2nd period - Shot Blocked by Corey Shueneman.
8:54 of 2nd period - Arttu Ruotsalainen is hit by Andrew Poturalski and loses puck.
9:11 of 2nd period - Snap shot by Vitaly Abramov.
9:11 of 2nd period - Stopped by Mackenzie Blackwood with a rebound.
9:37 of 2nd period - Wrist shot by Carl Grundstrom.
9:37 of 2nd period - Stopped by Mackenzie Blackwood with a rebound.
10:01 of 2nd period - Snap shot by Andrew Poturalski.
10:01 of 2nd period - Stopped by David Rittich with a rebound.
10:03 of 2nd period - Snap shot by Andrew Poturalski.
10:03 of 2nd period - Stopped by David Rittich without a rebound.
10:04 of 2nd period - Antti Suomela wins face-off versus Dillon Dube in Senators zone.
10:29 of 2nd period - Mason Geertsen is hit by Zach Whitecloud and loses puck.
11:04 of 2nd period - Minor Penalty to Calle Andersson for Tripping.
11:05 of 2nd period - Dillon Dube wins face-off versus Antti Suomela in Icehogs zone.
13:02 of 2nd period - Slapshot by Zach Whitecloud.
13:02 of 2nd period - Shot Blocked by Akil Thomas.
13:04 of 2nd period - Penalty to Calle Andersson is over, Calle Andersson is back on ice.
13:04 of 2nd period - Slapshot by Julius Honka.
13:04 of 2nd period - Shot Misses the Net.
13:30 of 2nd period - Snap shot by Connor Zary.
13:30 of 2nd period - Stopped by David Rittich without a rebound.
13:31 of 2nd period - Andrew Poturalski wins face-off versus Arttu Ruotsalainen in Senators zone.
13:36 of 2nd period - Snap shot by Gabriel Fortier.
13:36 of 2nd period - Deflect By Andrew Poturalski.
13:36 of 2nd period - Shot Blocked by Mason Geertsen.
13:36 of 2nd period - Puck is out of play.
13:37 of 2nd period - Andrew Poturalski wins face-off versus Arttu Ruotsalainen in Senators zone.
13:38 of 2nd period - Snap shot by Gabriel Fortier.
13:38 of 2nd period - Stopped by David Rittich with a rebound.
13:40 of 2nd period - Slapshot by Mitchell Chaffee.
13:40 of 2nd period - Stopped by David Rittich with a rebound.
13:42 of 2nd period - Wrist shot by Gabriel Fortier.
13:42 of 2nd period - Shot Misses the Net.
14:31 of 2nd period - Jaedon Descheneau is hit by Carl Grundstrom and loses puck.
15:25 of 2nd period - Slapshot by Vitaly Abramov.
15:25 of 2nd period - Goal by Vitaly Abramov - Senators : 3 - Icehogs : 1.
15:26 of 2nd period - Dillon Dube wins face-off versus Antti Suomela in neutral zone.
15:51 of 2nd period - Jeremy Davies is hit by Jonas Siegenthaler and loses puck.
16:20 of 2nd period - Wrist shot by Hugh McGing.
16:20 of 2nd period - Stopped by Mackenzie Blackwood without a rebound.
16:21 of 2nd period - Dillon Dube wins face-off versus Akil Thomas in Icehogs zone.
16:34 of 2nd period - Snap shot by Hugh McGing.
16:34 of 2nd period - Stopped by Mackenzie Blackwood without a rebound.
16:35 of 2nd period - Antti Suomela wins face-off versus Dillon Dube in Icehogs zone.
16:57 of 2nd period - Icing by Corey Shueneman.
16:58 of 2nd period - Connor Zary wins face-off versus Chase De Leo in Senators zone.
17:07 of 2nd period - Wrist shot by Connor Zary.
17:07 of 2nd period - Shot Hit the Post.
17:28 of 2nd period - Wrist shot by Marc Michaelis.
17:28 of 2nd period - Stopped by Mackenzie Blackwood without a rebound.
17:29 of 2nd period - Marc Michaelis wins face-off versus Dillon Dube in Icehogs zone.
17:32 of 2nd period - Slapshot by Antti Suomela.
17:32 of 2nd period - Deflect By Kiefer Sherwood.
17:32 of 2nd period - Shot Blocked by Calle Andersson.
17:32 of 2nd period - Puck is out of play.
17:33 of 2nd period - Antti Suomela wins face-off versus Dillon Dube in Icehogs zone.
17:50 of 2nd period - Alec Regula is hit by Nikita Scherbak and loses puck.
18:05 of 2nd period - Snap shot by Nils Hoglander.
18:05 of 2nd period - Shot Misses the Net.
18:07 of 2nd period - Slapshot by Calle Andersson.
18:07 of 2nd period - Shot Blocked by Alec Regula.
18:09 of 2nd period - Wrist shot by JJ. Piccinich.
18:09 of 2nd period - Stopped by David Rittich without a rebound.
18:10 of 2nd period - Andrew Poturalski wins face-off versus Carl Grundstrom in Senators zone.
19:02 of 2nd period - Nils Hoglander is hit by Scott Perunovich and loses puck.
19:19 of 2nd period - Nils Hoglander is hit by Lucas Ramberg and loses puck.
19:50 of 2nd period - Slapshot by Antti Suomela.
19:50 of 2nd period - Stopped by Mackenzie Blackwood without a rebound.
19:51 of 2nd period - Antti Suomela wins face-off versus Andrew Poturalski in Icehogs zone.
Goals for this period are 2 for Senators vs 1 for Icehogs.
Shots for this period are 16 for Senators vs 12 for Icehogs.
3rd period
0:01 of 3rd period - Kiefer Sherwood wins face-off versus Dillon Dube in neutral zone.
1:15 of 3rd period - Slapshot by Akil Thomas.
1:15 of 3rd period - Shot Misses the Net.
1:35 of 3rd period - Snap shot by Marc Michaelis.
1:35 of 3rd period - Shot Misses the Net.
1:51 of 3rd period - Snap shot by Chase De Leo.
1:51 of 3rd period - Stopped by Mackenzie Blackwood with a rebound.
1:53 of 3rd period - Slapshot by Alec Regula.
1:53 of 3rd period - Stopped by Mackenzie Blackwood with a rebound.
3:03 of 3rd period - Minor Penalty to Sergey Tolchinsky for Slashing.
3:04 of 3rd period - Dillon Dube wins face-off versus Antti Suomela in Icehogs zone.
3:15 of 3rd period - Slapshot by Dillon Dube.
3:15 of 3rd period - Deflect By Nils Hoglander.
3:15 of 3rd period - Shot Blocked by Jonas Siegenthaler.
3:15 of 3rd period - Puck is out of play.
3:16 of 3rd period - Dillon Dube wins face-off versus Antti Suomela in Senators zone.
4:05 of 3rd period - Icing by Mason Geertsen.
4:06 of 3rd period - Nils Hoglander wins face-off versus Chase De Leo in Senators zone.
4:25 of 3rd period - Snap shot by Max Jones.
4:25 of 3rd period - Goal by Max Jones - Senators : 3 - Icehogs : 2.
4:26 of 3rd period - Dillon Dube wins face-off versus Antti Suomela in neutral zone.
4:32 of 3rd period - Jeremy Davies is hit by Corey Shueneman and loses puck.
4:39 of 3rd period - Snap shot by Dillon Dube.
4:39 of 3rd period - Goal by Dillon Dube - Senators : 3 - Icehogs : 3.
4:40 of 3rd period - Dillon Dube wins face-off versus Antti Suomela in neutral zone.
4:49 of 3rd period - Snap shot by Dillon Dube.
4:49 of 3rd period - Stopped by David Rittich without a rebound.
4:50 of 3rd period - Dillon Dube wins face-off versus Antti Suomela in Senators zone.
4:51 of 3rd period - Slapshot by Jeremy Davies.
4:51 of 3rd period - Stopped by David Rittich with a rebound.
4:53 of 3rd period - Slapshot by Julius Honka.
4:53 of 3rd period - Shot Misses the Net.
5:02 of 3rd period - Minor Penalty to Dillon Dube for Slashing.
5:03 of 3rd period - Penalty to Sergey Tolchinsky is over, Sergey Tolchinsky is back on ice.
5:03 of 3rd period - Antti Suomela wins face-off versus Nils Hoglander in Icehogs zone.
5:03 of 3rd period - Snap shot by Marc Michaelis.
5:03 of 3rd period - Stopped by Mackenzie Blackwood without a rebound.
5:04 of 3rd period - Nils Hoglander wins face-off versus Antti Suomela in Icehogs zone.
5:19 of 3rd period - Snap shot by Antti Suomela.
5:19 of 3rd period - Goal by Antti Suomela - Senators : 4 - Icehogs : 3.
5:20 of 3rd period - Dillon Dube wins face-off versus Antti Suomela in neutral zone.
5:25 of 3rd period - Snap shot by Nikita Scherbak.
5:25 of 3rd period - Shot Blocked by Kiefer Sherwood.
6:40 of 3rd period - Wrist shot by Hugh McGing.
6:40 of 3rd period - Stopped by Mackenzie Blackwood without a rebound.
6:41 of 3rd period - Dillon Dube wins face-off versus Antti Suomela in Icehogs zone.
6:50 of 3rd period - Snap shot by Antti Suomela.
6:50 of 3rd period - Shot Misses the Net.
6:52 of 3rd period - Wrist shot by Antti Suomela.
6:52 of 3rd period - Shot Blocked by Zach Whitecloud.
6:54 of 3rd period - Wrist shot by Alec Regula.
6:54 of 3rd period - Deflect By Antti Suomela.
6:54 of 3rd period - Stopped by Mackenzie Blackwood without a rebound.
6:55 of 3rd period - Dillon Dube wins face-off versus Antti Suomela in Icehogs zone.
6:57 of 3rd period - Icing by Sergey Tolchinsky.
6:58 of 3rd period - Dillon Dube wins face-off versus Antti Suomela in Icehogs zone.
7:08 of 3rd period - Wrist shot by Kiefer Sherwood.
7:08 of 3rd period - Stopped by Mackenzie Blackwood with a rebound.
8:06 of 3rd period - Off-side.
8:07 of 3rd period - Dillon Dube wins face-off versus Antti Suomela in neutral zone.
8:21 of 3rd period - Off-side.
8:22 of 3rd period - Chase De Leo wins face-off versus Connor Zary in neutral zone.
8:31 of 3rd period - Scott Perunovich is hit by JJ. Piccinich and loses puck.
8:44 of 3rd period - Connor Zary is hit by Carl Grundstrom and loses puck.
9:40 of 3rd period - Jeremy Davies is hit by Chase De Leo and loses puck.
10:15 of 3rd period - Minor Penalty to JJ. Piccinich for High sticking.
10:16 of 3rd period - Antti Suomela wins face-off versus Dillon Dube in Icehogs zone.
10:26 of 3rd period - Backhand shot by Marc Michaelis.
10:26 of 3rd period - Deflect By Kiefer Sherwood.
10:26 of 3rd period - Goal by Kiefer Sherwood - Senators : 5 - Icehogs : 3.
10:27 of 3rd period - Antti Suomela wins face-off versus Dillon Dube in neutral zone.
10:38 of 3rd period - Backhand shot by Corey Shueneman.
10:38 of 3rd period - Shot Blocked by Dillon Dube.
10:52 of 3rd period - Mitchell Chaffee is hit by Bryce Kindopp and loses puck.
11:01 of 3rd period - Snap shot by Anton Karlsson.
11:01 of 3rd period - Shot Blocked by Zach Whitecloud.
11:19 of 3rd period - Zach Whitecloud is hit by Hugh McGing and loses puck.
11:48 of 3rd period - Julius Honka is hit by Arttu Ruotsalainen and loses puck.
11:59 of 3rd period - Minor Penalty to Bryce Kindopp for Tripping.
12:00 of 3rd period - Antti Suomela wins face-off versus Dillon Dube in Senators zone.
12:31 of 3rd period - Slapshot by Jeremy Davies.
12:31 of 3rd period - Stopped by David Rittich without a rebound.
12:32 of 3rd period - Dillon Dube wins face-off versus Antti Suomela in Senators zone.
12:45 of 3rd period - Wrist shot by Dillon Dube.
12:45 of 3rd period - Shot Misses the Net.
12:47 of 3rd period - Slapshot by Calle Andersson.
12:47 of 3rd period - Shot Blocked by Scott Perunovich.
13:17 of 3rd period - Scott Perunovich is hit by Nikita Scherbak.
13:59 of 3rd period - Penalty to Bryce Kindopp is over, Bryce Kindopp is back on ice.
14:18 of 3rd period - Alec Regula is hit by Jeremy Davies and loses puck.
15:12 of 3rd period - Dillon Dube is hit by Marc Michaelis and loses puck.
15:22 of 3rd period - Icing by Zach Whitecloud.
15:23 of 3rd period - Clark Bishop wins face-off versus Chase De Leo in Icehogs zone.
15:45 of 3rd period - Slapshot by Scott Perunovich.
15:45 of 3rd period - Stopped by Mackenzie Blackwood without a rebound.
15:46 of 3rd period - Connor Zary wins face-off versus Arttu Ruotsalainen in Icehogs zone.
16:30 of 3rd period - Slapshot by Arttu Ruotsalainen.
16:30 of 3rd period - Shot Blocked by Julius Honka.
16:32 of 3rd period - Minor Penalty to Nikita Scherbak for Goalie Interference.
16:33 of 3rd period - Antti Suomela wins face-off versus Dillon Dube in Icehogs zone.
16:36 of 3rd period - Wrist shot by Marc Michaelis.
16:36 of 3rd period - Shot Misses the Net.
17:00 of 3rd period - Carl Grundstrom is hit by Nils Hoglander and loses puck.
18:32 of 3rd period - Penalty to Nikita Scherbak is over, Nikita Scherbak is back on ice.
18:48 of 3rd period - Nils Hoglander is hit by Anton Karlsson and loses puck.
19:50 of 3rd period - Wrist shot by Gabriel Fortier.
19:50 of 3rd period - Stopped by David Rittich with a rebound.
Goals for this period are 2 for Senators vs 2 for Icehogs.
Shots for this period are 9 for Senators vs 6 for Icehogs.
Output by the SimonT Hockey Simulator (STHS) for Francois Prevost